 Dungeon Crawl Stone Soup version 0.30-a0-847-g17996783a1 (webtiles) character file.

Game seed: 4561473052831767155

156 jasper the Chopper (level 5, -5/45 HPs)
             Began as a Hill Orc Cinder Acolyte on Mar 3, 2023.
             Was an Elder of Ignis.
             Killed by divine providence
             ... invoked by an orc priest
              (10 damage)
             ... on level 3 of the Dungeon.
             The game lasted 00:04:34 (1616 turns).

jasper the Chopper (Hill Orc Cinder Acolyte)        Turns: 1616, Time: 00:04:35

Health: -5/45      AC:  9    Str: 19    XL:     5   Next: 38%
Magic:  6/6        EV:  7    Int: 14    God:    Ignis [****..]
Gold:   2          SH:  0    Dex:  6    Spells: 6/6 levels left

rFire   + . .      SeeInvis .    n - +0 war axe (flame)
rCold   . . .      Faith    .    (no shield)
rNeg    . . .      Spirit   .    i - +0 chain mail
rPois   .          Reflect  .    (no helmet)
rElec   .          Rampage  .    (no cloak)
rCorr   .                        l - +0 pair of gloves
Will    .....                    (no boots) Stlth
                                 (no amulet)
HPRegen 0.27/turn                (no ring)
MPRegen 0.10/turn                (no ring)

@: no status effects
A: no striking features
a: Renounce Religion, Convert to Beogh, Fiery Armour, Foxfire Swarm, Rising
Flame


You were on level 3 of the Dungeon.
You worshipped Ignis.
Ignis was greatly pleased with you.
You visited 1 branch of the dungeon, and saw 3 of its levels.

You collected 151 gold pieces.
You spent 149 gold pieces at shops.

Inventory:

Hand Weapons
 a - a -1 hand axe of flaming
 n - a +0 war axe of flaming (weapon)
Missiles
 c - 2 boomerangs (quivered)
Armour
 b - a +0 robe
 i - a +0 chain mail (worn)
 l - a +0 pair of gloves (worn)
Jewellery
 j - a ring of poison resistance
Scrolls
 g - a scroll of amnesia {unknown}
 h - a scroll of identify {unknown}
 k - a scroll of silence {unknown}
Potions
 d - a potion of haste
 e - 5 potions of curing {unknown}
 f - a potion of berserk rage {unknown}
 m - a potion of flight {unknown}


   Skills:
 - Level 3.6 Fighting
 + Level 7.8 Axes
 - Level 1.0 Spellcasting
 - Level 3.2 Fire Magic


You had 6 spell levels left.
You didn't know any spells.
Your spell library contained the following spells:

 Spells                   Type           Power      Damage    Failure   Level
 Scorch                   Fire           18%        2d6       82%         2
 Ensorcelled Hibernation  Hex/Ice        0%         N/A       99%         2
 Passwall                 Tmut/Erth      0%         N/A       99%         2
 Swiftness                Air            0%         N/A       100%        3


Dungeon Overview and Level Annotations

Branches:
Dungeon (3/15)

Altars:
Uskayaw

Shops:
D:2 (


Message History

You kill the gnoll!
The foxfire hits the gnoll.
The gnoll is heavily wounded.
Activating: Foxfire Swarm
Press: ? - help, Dir - look around, f - activate Flames leap up around you!
The foxfire hits the gnoll.
The gnoll is almost dead.
Your foxfire dissipates!
The foxfire hits the gnoll.
You kill the gnoll!
Your foxfire dissipates! x3
Your foxfire dissipates! x2
An orc comes into view. It is wielding a +0 hand axe.
You regained 8 hp, and now have 14/45 hp.
An orc is nearby!
An orc is nearby!
The orc shouts!
You hear a shout! x2
An orc priest comes into view. It is wielding a +0 club.
An orc comes into view. It is wielding a +0 flail.
An orc comes into view. It is wielding a +0 club.
The orc priest shouts, "Beogh is our master!
Accept the truth or die!" (press Y on the ability menu to convert to Beogh)
You slash the orc! You burn the orc.
You kill the orc!
Things that are here:
a +0 hand axe; a +0 ring mail; an orc corpse The orc priest mumbles some strange prayers to Beogh against you.
Beogh smites you!
* * * LOW HITPOINT WARNING * * *
You take 12 damage, and have 4/45 hp.
MASSIVE DAMAGE!!
Things that are here:
a +0 hand axe; a +0 ring mail; an orc corpse The orc priest hits you but does no damage.
You see here a +0 spear.
You hit the orc but do no damage. You punch the orc, but do no damage.
You barely miss the orc priest. You closely miss the orc.
The orc hits you but does no damage.
The orc priest invokes the aid of Beogh against you.
Beogh smites you!
You die...

##.##
......########
......o@)....#
......oo..##.#
..###.###.##.#
#. #.##.# .
#.##.# #.
#.##.# #
#.##.# #.##.#
#.##.#


You could see an orc priest and 2 orcs.

Vanquished Creatures
  6 gnolls (D:3)
  3 adders
  2 worms (D:2)
  4 dart slugs (D:2)
  An orc (D:3)
  2 ball pythons (D:2)
  6 endoplasms
  2 giant cockroaches (D:1)
  6 goblins
  4 hobgoblins
  5 kobolds
  3 quokkas
  4 bats (D:2)
  5 frilled lizards
  6 rats
59 creatures vanquished.

Vanquished Creatures (others)
  13 foxfires (D:3)
13 creatures vanquished.

Grand Total: 72 creatures vanquished

Notes
Turn   | Place    | Note
-------+----------+-------------------------------------------
     0 | D:1      | jasper the Hill Orc Cinder Acolyte began the quest for the
                  | Orb.
     0 | D:1      | Reached XP level 1. HP: 19/19 MP: 2/2
   192 | D:1      | Reached XP level 2. HP: 26/26 MP: 3/3
   380 | D:1      | Reached skill level 5 in Axes
   495 | D:1      | Found a faded altar of an unknown god.
   599 | D:2      | Reached XP level 3. HP: 26/31 MP: 4/4
   777 | D:2      | Reached skill level 6 in Axes
   930 | D:2      | Found Puogeoce's Antique Weapon Shoppe.
   956 | D:2      | Reached XP level 4. HP: 38/39 MP: 5/5
  1349 | D:3      | Found a hide-covered altar of Uskayaw.
  1451 | D:2      | Bought a glowing war axe for 149 gold pieces
  1476 | D:3      | Reached skill level 7 in Axes
  1562 | D:3      | Reached XP level 5. HP: 40/45 MP: 6/6
  1616 | D:3      | Killed from afar by an orc priest

Illustrated notes

Levels and vault maps discovered:
D:1:      evilmike_arrival_crescent, layout_basic,
          dilly_ecumenical_altar_fadedgnrine
D:2:      layout_basic, serial_shops, shop
D:3:      layout_loops_ring, nicolae_uskayaw_dance_hall, solitary_fountain,
          hangedman_decor_points, uniq_jessica

Skill      XL: |  1  2  3  4 |
---------------+-------------+-----
Axes           | 5 6 7 |  7.8
Fighting       | |  3.6
Spellcasting   | |  1.0
Fire Magic     | |  3.2

Action                     |  1- 3 |  4- 6 || total
---------------------------+-------+-------++-------
  Melee: Hand axe          |    62 |    38 ||   100
         War axe           |       |    23 ||    23
         Punch             |       |     1 ||     1
  Throw: Boomerang         |    32 |     1 ||    33
 Invoke: Foxfire Swarm     |       |     2 ||     2
 Armour: Robe              |     8 |       ||     8
         Chain mail        |    12 |    45 ||    57
  Dodge: Dodged            |    26 |    28 ||    54

Table legend: (Time is in decaauts)
 A = Elapsed time spent in this place.
 B = Non-inter-level travel time spent in this place.
 C = Inter-level travel time spent in this place.
 D = Time resting spent in this place.
 E = Time spent auto-exploring this place.
 F = Levels seen in this place.
 G = Mean time per level.
                   A        B        C        D        E       F      G
               +--------+--------+--------+--------+--------+-----+--------+
         Total |   1629 |   1532 |     97 |      0 |   1098 |   3 |  543.0 |
       Dungeon |   1629 |   1532 |     97 |      0 |   1098 |   3 |  543.0 |
               +--------+--------+--------+--------+--------+-----+--------+

Top non-repeatable levels by time:
     D:2: 777 daAuts
     D:1: 600 daAuts
     D:3: 251 daAuts
